 Dungeon Crawl Stone Soup version 0.32-a0-540-g866d13106e (webtiles) character file.

Game seed: 38872972914765899

13074 grandjackal the Fighter (level 11, -24/129 (139) HPs)
             Began as a Demonspawn Gladiator on Feb 29, 2024.
             Was a Priest of Trog.
             Annihilated by a tentacled starspawn (27 damage)
             ... on level 3 of the Abyss.
             The game lasted 00:17:44 (13052 turns).

grandjackal the Fighter (Demonspawn Gladiator)     Turns: 13052, Time: 00:17:45

HP:   -24/129 (139) AC: 11    Str: 20    XL:     11   Next: 70%
MP:   0/11          EV: 18    Int: 10    God:    Trog [***...]
Gold: 798           SH:  6    Dex: 24    Spells: 10/10 levels left

rFire   + + +        L - +9 rapier "Hydrabane" {freeze, rF++ rC- Dex+3 SInv}
rCold   . . .        k - +0 buckler
rNeg    . . .        j - +0 troll leather armour
rPois   .            c - +0 helmet
rElec   .            (no cloak)
rCorr   .            b - +0 pair of gloves of the Doldrums {rF+ Slay+3}
SInv    +            i - +0 pair of boots
Will    .....        D - amulet of Dunioj {Spirit rF+ Dex+3} Stlth
                     s - +6 ring of strength
HPRegen 1.21/turn    f - ring of protection from cold
MPRegen 0.12/turn

%: guardian spirit
@: berserking, wreathed by umbra, drained, very quick
A: icy blue scales 2, demonic guardian 1, foul shadow 1
a: Renounce Religion, Berserk, Trog's Hand


You were on level 3 of the Abyss.
You worshipped Trog.
Trog was most pleased with you.
You visited 1 branch of the dungeon, and saw 11 of its levels.
You visited the Abyss 1 time.

You collected 1197 gold pieces.
You spent 399 gold pieces at shops.

Inventory:

Hand Weapons
 x - a +0 scimitar
 y - a +4 short sword
 L - the +9 rapier "Hydrabane" (weapon) {freeze, rF++ rC- Dex+3 SInv}
   (You found it on level 10 of the Dungeon)

   Dex+3:     It affects your dexterity (+3).
   rF++:      It greatly protects you from fire.
   rC-:       It makes you vulnerable to cold.
   SInv:      It lets you see invisible.
Missiles
 a - 3 curare-tipped darts
 e - a javelin
 H - a throwing net (quivered)
Armour
 b - the +0 pair of gloves of the Doldrums (worn) {rF+ Slay+3}
   (You acquired it on level 7 of the Dungeon)

   Slay+3:    It affects your accuracy & damage with ranged weapons and melee
   (+3).
   rF+:       It protects you from fire.
 c - a +0 helmet (worn)
 i - a +0 pair of boots (worn)
 j - a +0 troll leather armour (worn)
 k - a +0 buckler (worn)
 r - a +0 scale mail
Jewellery
 f - a ring of protection from cold (right hand)
 s - a +6 ring of strength (left hand)
 D - the amulet of Dunioj (around neck) {Spirit rF+ Dex+3}
   (You acquired it on level 8 of the Dungeon)

   [amulet of guardian spirit]

   Spirit:    It causes incoming damage to be divided between your reserves of
   health and magic.
   Dex+3:     It affects your dexterity (+3).
   rF+:       It protects you from fire.
 G - an amulet of the acrobat
Wands
 B - a wand of warping (10)
 F - a wand of quicksilver (1)
Scrolls
 g - a scroll of brand weapon {unknown}
 l - a scroll of fear {unknown}
 p - 2 scrolls of revelation {unknown}
 t - a scroll of fog {unknown}
 u - 5 scrolls of identify {unknown}
 v - 2 scrolls of teleportation {unknown}
 A - a scroll of enchant weapon {unknown}
 K - a scroll of vulnerability {unknown}
 M - a scroll of torment {unknown}
Potions
 d - a potion of berserk rage {unknown}
 h - 3 potions of curing
 m - a potion of attraction {unknown}
 n - a potion of brilliance {unknown}
 o - a potion of cancellation {unknown}
 q - 2 potions of magic {unknown}
 w - 3 potions of mutation {unknown}
 z - a potion of resistance {unknown}
 C - 2 potions of heal wounds
 E - a potion of might
 I - a potion of lignification
 J - a potion of enlightenment {unknown}


   Skills:
 + Level 11.5 Fighting
 + Level 6.1 Long Blades
 - Level 2.0 Throwing
 - Level 8.0 Armour
 - Level 8.0 Dodging
 - Level 5.0 Shields
 + Level 4.6 Evocations


You had 10 spell levels left.
You didn't know any spells.
Your spell library contained the following spells:

 Spells                   Type           Power      Damage    Failure   Level
 Apportation              Tloc           0%         N/A       47%         1
 Necrotise                Necr           0%         1d4       47%         1
 Sting                    Conj/Alch      0%         1d3       47%         1
 Summon Small Mammal      Summ           0%         N/A       47%         1
 Ensorcelled Hibernation  Hex/Ice        0%         N/A       63%         2
 Passwall                 Erth           0%         N/A       85%         3
 Swiftness                Air            0%         N/A       85%         3


Dungeon Overview and Level Annotations

Branches:
Dungeon (11/15)            Temple (0/1) D:5            Lair (0/5) D:10
    Orc (0/2) D:11

Altars:
Dithmenos
Nemelex Xobeh
Ru
Trog
Uskayaw
Yredelemnul

Shops:
D:2 =   D:3 ==*   D:8 !

Annotations:
D:6 exclusion: oklob plant
D:10 4 runed translucent doors
D:11 Erolcha


Innate Abilities, Weirdness & Mutations

You are mostly covered in icy blue scales. (AC +3)
A weak demonic guardian rushes to your aid.
You are faintly shadowed, very rarely releasing foul flame when damaged in melee.


Message History

You puncture the tentacled starspawn! You freeze the tentacled starspawn.
The tentacled starspawn is lightly damaged.
The tentacled starspawn completely misses you.
The tentacled starspawn tentacle-slaps you but does no damage.
You barely miss the tentacled starspawn.
The tentacled starspawn is lightly damaged.
You block the tentacled starspawn's attack.
The tentacled starspawn tentacle-slaps you!
The tentacled starspawn is seared by the foul flame within you.
The tentacled starspawn is moderately damaged.
You barely miss the tentacled starspawn.
The tentacled starspawn is moderately damaged.
The tentacled starspawn bites you!
The tentacled starspawn tentacle-slaps you!
You puncture the tentacled starspawn! You freeze the tentacled starspawn.
The tentacled starspawn is moderately damaged.
The tentacled starspawn bites you but does no damage.
The tentacled starspawn tentacle-slaps you!
You puncture the tentacled starspawn! You freeze the tentacled starspawn.
The tentacled starspawn is heavily damaged.
The tentacled starspawn bites you!!
* * * LOW HITPOINT WARNING * * *
The tentacled starspawn tentacle-slaps you.
* * * LOW HITPOINT WARNING * * *
You hit the tentacled starspawn. You freeze the tentacled starspawn.
The tentacled starspawn is heavily damaged.
The tentacled starspawn barely misses you.
The tentacled starspawn tentacle-slaps you!
* * * LOW HITPOINT WARNING * * *
You puncture the tentacled starspawn! You freeze the tentacled starspawn.
The tentacled starspawn is severely damaged.
The tentacled starspawn bites you.
* * * LOW HITPOINT WARNING * * *
The tentacled starspawn tentacle-slaps you.
* * * LOW HITPOINT WARNING * * *
Unknown command.
A red film seems to cover your vision as you go berserk!
You feel yourself moving faster!
You feel mighty! The tentacled starspawn bites you!!
You die...

## ##
.##.#.##
###......#
#@# # ##X#
. ..# ###
... §
.#..X§ #
##.


You could see a tentacled starspawn.

Vanquished Creatures
  A two-headed ogre (D:10)
  Lodul (D:10)
  Pikel (D:4)
  A cyclops (D:11)
  Maggie (D:10)
  2 trolls
  2 hornets
  3 shadows (D:9)
  Sigmund (D:2)
  A wraith (D:10)
  A vampire (D:9)
  4 wyverns
  A basilisk (D:10)
  A golden eye (Abyss:2)
  12 yaks
  3 water moccasins
  6 orc warriors
  2 black bears
  An ice beast (D:6)
  8 ogres
  4 centaurs
  3 wolves (D:10)
  4 phantoms
  Blork the orc (D:6)
  A bullfrog (D:8)
  6 kobold brigands
  3 gnoll sergeants
  4 scorpions
  19 wights
  3 howler monkeys
  5 jellies
  12 orc priests
  4 hounds
  3 gnoll boudas
  5 iguanas
  11 orc wizards
  28 gnolls
  9 adders
  A white imp (D:8)
  5 dart slugs
  A ribbon worm (D:2)
  48 orcs
  4 ball pythons
  9 bats
  30 endoplasms
  A giant cockroach (D:3)
  6 goblins
  6 hobgoblins
  4 jackals (D:1)
  13 kobolds
  4 quokkas
  3 frilled lizards
  3 rats
316 creatures vanquished.

Vanquished Creatures (collateral kills)
  An ogre (D:10)
  An orc priest (D:8)
  An iguana (D:4)
  3 gnolls (D:8)
  A dart slug (D:4)
  An orc (D:4)
8 creatures vanquished.

Vanquished Creatures (others)
  An orc wizard (D:10)
1 creature vanquished.

Grand Total: 325 creatures vanquished

Notes
Turn   | Place    | Note
-------+----------+-------------------------------------------
     0 | D:1      | grandjackal the Demonspawn Gladiator began the quest for
                  | the Orb.
     0 | D:1      | Reached XP level 1. HP: 16/16 MP: 1/1
    56 | D:1      | Gained mutation: You are partially covered in icy blue
                  | scales. (AC +2) [demonic ancestry]
    56 | D:1      | Reached XP level 2. HP: 20/22 MP: 2/2
   722 | D:1      | Reached XP level 3. HP: 28/28 MP: 3/3
  1132 | D:2      | Noticed Sigmund
  1154 | D:2      | Killed Sigmund
  1155 | D:2      | Reached skill level 3 in Fighting
  1155 | D:2      | Reached XP level 4. HP: 22/37 MP: 4/4
  1155 | D:2      | Gained mutation: You are mostly covered in icy blue scales.
                  | (AC +3) [demonic ancestry]
  1155 | D:2      | Reached XP level 5. HP: 25/42 MP: 5/5
  1279 | D:2      | Found Bapnicy's Jewellery Emporium.
  1653 | D:2      | Reached skill level 4 in Fighting
  1885 | D:3      | Gained mutation: A weak demonic guardian rushes to your
                  | aid. [demonic ancestry]
  1885 | D:3      | Reached XP level 6. HP: 48/48 MP: 6/6
  1885 | D:3      | Found Umpeotapp's Jewellery Shoppe.
  2229 | D:3      | Found Uwoyc's General Store.
  2238 | D:3      | Bought a scroll of blinking for 105 gold pieces
  2248 | D:3      | Found Posiataq's Jewellery Emporium.
  2288 | D:3      | Found a faded altar of an unknown god.
  2729 | D:4      | Reached skill level 1 in Armour
  2809 | D:4      | Gained mutation: You are faintly shadowed, very rarely
                  | releasing foul flame when damaged in melee. [demonic
                  | ancestry]
  2809 | D:4      | Reached XP level 7. HP: 45/55 MP: 7/7
  2943 | D:4      | Reached skill level 5 in Fighting
  3133 | D:4      | Found a basalt altar of Yredelemnul.
  3483 | D:4      | Noticed Pikel
  3505 | D:4      | Killed Pikel
  3506 | D:4      | Reached skill level 6 in Fighting
  3506 | D:4      | Reached XP level 8. HP: 32/64 MP: 8/8
  4164 | D:5      | Entered Level 5 of the Dungeon
  4238 | D:5      | Reached skill level 5 in Shields
  4265 | D:5      | Found a staircase to the Ecumenical Temple.
  4617 | D:5      | Noticed a +0 dagger
  4620 | D:5      | Noticed a +0 hand axe
  4621 | D:5      | Found a hide-covered altar of Uskayaw.
  4995 | D:6      | Reached skill level 7 in Fighting
  5165 | D:6      | Reached XP level 9. HP: 33/72 MP: 9/9
  5368 | D:6      | Noticed Blork the orc
  5386 | D:6      | Killed Blork the orc
  5727 | D:6      | Noticed an oklob plant
  5984 | D:6      | Reached skill level 5 in Armour
  5997 | D:6      | Reached skill level 8 in Fighting
  6292 | D:6      | Reached skill level 5 in Dodging
  6710 | D:7      | Found a sparkling altar of Nemelex Xobeh.
  6711 | D:7      | Found a bloodstained altar of Trog.
  6714 | D:7      | Found a sacrificial altar of Ru.
  7430 | D:7      | Became a worshipper of Trog the Wrathful
  8241 | D:7      | Reached skill level 9 in Fighting
  8352 | D:7      | Reached XP level 10. HP: 55/83 MP: 10/10
  9460 | D:8      | Reached * piety under Trog
  9871 | D:8      | Found Fiejall's Distillery.
  9876 | D:8      | Bought a potion of heal wounds for 70 gold pieces
  9876 | D:8      | Bought a potion of degeneration for 14 gold pieces
  9876 | D:8      | Bought a potion of curing for 42 gold pieces
  9876 | D:8      | Bought a potion of heal wounds for 70 gold pieces
  9876 | D:8      | Bought a potion of curing for 42 gold pieces
  9876 | D:8      | Bought a potion of might for 56 gold pieces
 10101 | D:8      | Identified 2 scrolls of acquirement
 10101 | D:8      | Acquired the amulet of Dunioj {Spirit rF+ Dex+3}
 10389 | D:7      | Acquired the +0 pair of gloves of the Doldrums {rF+ Slay+3}
 11138 | D:9      | Reached skill level 10 in Fighting
 11161 | D:9      | Paralysed by a hornet for 1 turns
 11328 | D:9      | Reached ** piety under Trog
 11336 | D:9      | Reached XP level 11. HP: 70/92 MP: 8/11
 11599 | D:10     | Entered Level 10 of the Dungeon
 11599 | D:10     | Found a staircase to the Lair.
 11875 | D:10     | Reached skill level 1 in Evocations
 11899 | D:10     | Found a shadowy altar of Dithmenos.
 11973 | D:10     | Found a runed translucent door.
 11978 | D:10     | Identified the +9 rapier "Hydrabane" {freeze, rF++ rC-
                  | Dex+3 SInv}
 12056 | D:10     | Noticed a sixfirhy
 12057 | D:10     | Noticed a storm dragon
 12058 | D:10     | Noticed a shock serpent
 12058 | D:10     | Noticed a sixfirhy
 12058 | D:10     | Noticed a spark wasp
 12059 | D:10     | Noticed a shock serpent
 12059 | D:10     | Noticed a deep elf zephyrmancer
 12060 | D:10     | Found a runed translucent door.
 12060 | D:10     | Found the +5 Storm Queen's Shield {shock, Fly rElec}
 12104 | D:10     | Found a runed translucent door.
 12367 | D:10     | Noticed Maggie
 12381 | D:10     | Killed Maggie
 12382 | D:10     | Reached skill level 5 in Long Blades
 12445 | D:10     | Reached skill level 11 in Fighting
 12486 | D:10     | Found a runed translucent door.
 12522 | D:10     | Noticed a two-headed ogre
 12527 | D:10     | Paralysed by a hornet for 2 turns
 12535 | D:10     | Killed a two-headed ogre
 12628 | D:10     | Noticed Lodul
 12644 | D:10     | Killed Lodul
 12647 | D:10     | Reached *** piety under Trog
 12883 | D:11     | Found a staircase to the Orcish Mines.
 12961 | D:11     | Noticed Erolcha
 12962 | Abyss:2  | Cast into level 2 of the Abyss (Erolcha)
 13037 | Abyss:3  | Noticed a tentacled starspawn
 13051 | Abyss:3  | HP: 1/86 [tentacled starspawn (5)]
 13052 | Abyss:3  | Annihilated by a tentacled starspawn

Illustrated notes

Levels and vault maps discovered:
D:1:      lightli_molten_gateway, layout_loops_corners, st_stairs_5,
          minmay_tripent
D:2:      layout_loops_ring, serial_shops, nicolae_shop_gaudy_bauble,
          uniq_sigmund
D:3:      layout_rooms, serial_shops, shop, shop, nicolae_shop_crystal,
          hellmonk_ecumenical_altar_inner_sanctum
D:4:      layout_layer_cave, gammafunk_temple_overflow_wave,
          grunt_ministairs_13, uniq_pikel
D:5:      layout_basic, dancing_weapons_uskayaw,
          minmay_temple_entry_glassed_door
D:6:      lemuel_slime, layout_loops_cross, serial_glass, glass_columns_a,
          glass_columns_a, glass_columns_c, glass_columns_b, item_on_display_b,
          uniq_blork_the_orc
D:7:      layout_basic, grunt_temple_overflow_open,
          hangedman_abyss_or_decor_stagger, due_unseen_surprise
D:8:      minmay_goldmine, layout_basic, serial_shops,
          nicolae_shop_rolling_square, corner_web_ring, st_stairs_12
D:9:      layout_rooms, minmay_chambers_of_fives
D:10:     layout_roguey, grunt_dithmenos_smoke_and_mirrors,
          minmay_lair_entry_grove, nicolae_guarded_unrand_storm_shield,
          uniq_lodul, uniq_maggie
D:11:     layout_long_grid, erik_orc_3, nicolae_trove_entry_crossroad,
          serial_glass, glass_columns_b, glass_columns_a, uniq_erolcha
Abyss:3:  base: D:1, guppyfry_abyss_exit_spiral_guarded,
          small_statue_intersection, hangedman_abyss_lost_library,
          onia_ninara_dug_in_and_dangerous, hangedman_abyss_batty_box

Skill      XL: |  1  2  3  4  5  6  7  8  9 10 11 |
---------------+----------------------------------+-----
Throwing       | 2 |  2.0
Dodging        | 3 4 6 7 8 |  8.0
Long Blades    | 3 4 6 |  6.1
Fighting       | 3 4 6 7 9 10 11 | 11.5
Shields        | 2 3 4 5 |  5.0
Armour         | 1 3 4 6 7 8 |  8.0
Evocations     | 4 |  4.6

Action                     |  1- 3 |  4- 6 |  7- 9 | 10-12 || total
---------------------------+-------+-------+-------+-------++-------
  Melee: Long sword        |   134 |   123 |   373 |       ||   630
         Scimitar          |       |       |   212 |   324 ||   536
         Rapier            |       |       |       |   148 ||   148
  Throw: Throwing net      |       |     1 |     2 |     1 ||     4
 Invoke: Berserk           |       |       |       |     7 ||     7
  Evoke: Wand              |       |       |       |     1 ||     1
    Use: Potion            |     1 |       |       |     1 ||     2
         Scroll            |       |       |       |     3 ||     3
   Stab: Sleeping          |     1 |       |       |       ||     1
         Distracted        |       |     1 |       |     1 ||     2
         Held in net/web   |       |     1 |     1 |     1 ||     3
 Armour: Leather armour    |    77 |    37 |       |       ||   114
         Skin              |    13 |       |       |       ||    13
         Scale mail        |       |    19 |   394 |   148 ||   561
         Troll leather arm |       |       |       |   192 ||   192
  Dodge: Dodged            |   118 |    71 |   361 |   371 ||   921
  Block: Buckler           |       |    26 |   158 |   149 ||   333

Table legend: (Time is in decaauts)
 A = Elapsed time spent in this place.
 B = Non-inter-level travel time spent in this place.
 C = Inter-level travel time spent in this place.
 D = Time resting spent in this place.
 E = Time spent auto-exploring this place.
 F = Levels seen in this place.
 G = Mean time per level.
                   A        B        C        D        E       F      G
               +--------+--------+--------+--------+--------+-----+--------+
         Total |  13370 |  12970 |    400 |   3561 |   6535 |  13 | 1028.5 |
       Dungeon |  13280 |  12880 |    400 |   3550 |   6528 |  11 | 1207.3 |
         Abyss |     90 |     90 |      0 |     11 |      7 |   2 |   45.0 |
               +--------+--------+--------+--------+--------+-----+--------+

Top non-repeatable levels by time:
     D:8: 2036 daAuts
     D:6: 1941 daAuts
     D:7: 1776 daAuts
     D:4: 1625 daAuts
     D:5: 1104 daAuts
    D:10: 1059 daAuts
     D:2: 1025 daAuts
     D:9: 969 daAuts
     D:1: 896 daAuts
     D:3: 697 daAuts
    D:11: 147 daAuts
 Abyss:3: 51 daAuts
 Abyss:2: 39 daAuts
